 Dungeon Crawl Stone Soup version 0.28-a0-544-g207b005307 (webtiles) character file.

Game seed: 6148623939003846947

73 Ijustatesigmund the Skirmisher (level 4, -5/29 HPs)
             Began as a Gargoyle Fighter on Sept 28, 2021.
             Slain by a river rat (7 damage)
             ... in a sewer.
             The game lasted 00:03:12 (1863 turns).

Ijustatesigmund the Skirmisher (Gargoyle Fighter)   Turns: 1863, Time: 00:03:13

Health: -5/29      AC: 10    Str: 20      XL:     4   Next: 27%
Magic:  4/4        EV:  9    Int:  8      God:
Gold:   67         SH:  4    Dex: 11 (12) Spells: 3/3 levels left

rFire   . . .      SeeInvis .   a - +1 flail
rCold   . . .      Faith    .   c - +0 buckler
rNeg    + . .      Spirit   .   b - +0 scale mail
rPois   ∞          Reflect  .   (no helmet)
rElec   +          Harm     .   (no cloak)
rCorr   .          Rampage  .   (no gloves)
Will    .....                   (no boots)
Stlth   ..........              (no amulet)
HPRegen 0.09/turn               (no ring)
MPRegen 0.09/turn               (no ring)

@: mighty, very slightly contaminated, invisible
A: sickness immunity, AC +3, negative energy resistance 1, electricity
resistance, torment resistance 1, petrification resistance, agile 1,
deterioration 1
a: no special abilities


You were in a sewer.
You visited 1 branch of the dungeon, and saw 3 of its levels.
You also visited: Sewer.

You collected 67 gold pieces.

Inventory:

Hand Weapons
 a - a +1 flail (weapon)
Armour
 b - a +0 scale mail (worn)
 c - a +0 buckler (worn)
Jewellery
 f - a +6 ring of intelligence
Scrolls
 e - a scroll of identify
Potions
 g - 2 potions of brilliance


   Skills:
 + Level 4.1 Fighting
 * Level 3.8 Maces & Flails
 - Level 3.2 Armour
 - Level 3.2 Shields


You had 3 spell levels left.
You didn't know any spells.
Your spell library was empty.

Dungeon Overview and Level Annotations

Branches:
Dungeon (3/15)              Sewer (1/1)

Altars:


Innate Abilities, Weirdness & Mutations

You are immune to sickness and miasma.
Your stone body is resilient. (AC +3)
You are immune to poison.
You resist negative energy. (rN+)
You are resistant to electric shocks. (rElec)
You are resistant to unholy torment.
You are immune to petrification.
You are agile. (Dex +2)
Your body sometimes deteriorates upon taking damage.


Message History

The river rat misses you.
You hit the river rat.
The river rat is lightly wounded.
The river rat closely misses you. The river rat bites you.
* * * LOW HITPOINT WARNING * * *
You sock the river rat!
The river rat is severely wounded.
The river rat bites you but does no damage.
The river rat twitches its whiskers.
The river rat barely misses you.
You thump the river rat!
You kill the river rat!
The river rat barely misses you.
You have reached level 4!
You feel stronger.
You barely miss the rat.
The river rat bites you but does no damage.
The rat barely misses you. The river rat barely misses you. The rat bites you.
* * * LOW HITPOINT WARNING * * *
You fade into invisibility!
The river rat bites you but does no damage.
The rat bites you.
* * * LOW HITPOINT WARNING * * *
You are very lightly contaminated with residual magic.
You feel very mighty all of a sudden. The river rat barely misses you.
The rat closely misses you.
You closely miss the river rat. You block the river rat's attack.
The rat closely misses you.
You hit the river rat.
The river rat is severely wounded.
The river rat barely misses you. The rat barely misses you.
You thump the river rat!
You kill the river rat!
The rat completely misses you.
You feel your intelligence returning.
You hit the rat.
You kill the rat!
The river rat barely misses you.
You closely miss the river rat. The river rat bites you!
You die...

###
#.#
#.#
#.#
#†#
#@#
#r#
#r#
#.#
#.#
#.#
#.#
#.#
#.#


You could see a river rat and a rat.

Vanquished Creatures
  2 river rats (Sewer)
  7 endoplasms
  2 giant cockroaches
  6 goblins
  2 hobgoblins
  3 kobolds
  8 quokkas
  4 ball pythons
  7 bats
  2 frilled lizards (D:1)
  7 rats
50 creatures vanquished.

Notes
Turn   | Place    | Note
-------+----------+-------------------------------------------
     0 | D:1      | Ijustatesigmund the Gargoyle Fighter began the quest for
                  | the Orb.
     0 | D:1      | Reached XP level 1. HP: 14/14 MP: 1/1
   105 | D:1      | Reached XP level 2. HP: 18/19 MP: 2/2
   662 | D:1      | Found a faded altar of an unknown god.
   666 | D:1      | Reached XP level 3. HP: 24/24 MP: 3/3
  1582 | D:2      | Gained mutation: Your body sometimes deteriorates upon
                  | taking damage. [potion of mutation]
  1582 | D:2      | Gained mutation: You are agile. (Dex +2) [potion of
                  | mutation]
  1830 | D:3      | Found a glowing drain.
  1843 | D:3      | Reached skill level 4 in Fighting
  1845 | Sewer    | Entered a sewer
  1856 | Sewer    | Reached XP level 4. HP: 6/29 MP: 4/4
  1857 | Sewer    | HP: 1/29 [rat (3)]
  1863 | Sewer    | Slain by a river rat

Illustrated notes

Levels and vault maps discovered:
D:1:      tarquinn_simple_flora_water_c, layout_loops_ring,
          shapermc_ecumenical_altar_pompeii
D:2:      layout_loops_ring
D:3:      layout_basic, portal_sewer_entry_f, eino_tiny_chamber
Sewer:    sewer_kobolds

Skill      XL: |  1  2  3 |
---------------+----------+-----
Maces & Flails | 3 |  3.8
Fighting       | 4 |  4.1
Armour         | |  3.2
Shields        | |  3.2

Action                   |  1- 3 |  4- 6 || total
-------------------------+-------+-------++-------
Melee: Flail             |   158 |     6 ||   164
  Use: Scroll            |     9 |       ||     9
       Potion            |     1 |     2 ||     3
Armor: Scale mail        |    93 |     2 ||    95
Dodge: Dodged            |    88 |     9 ||    97
Block: Buckler           |    39 |     1 ||    40

Table legend: (Time is in decaauts)
 A = Elapsed time spent in this place.
 B = Non-inter-level travel time spent in this place.
 C = Inter-level travel time spent in this place.
 D = Time resting spent in this place.
 E = Time spent auto-exploring this place.
 F = Levels seen in this place.
 G = Mean time per level.
                   A        B        C        D        E       F      G
               +--------+--------+--------+--------+--------+-----+--------+
         Total |   1910 |   1878 |     32 |    337 |   1165 |   4 |  477.5 |
       Dungeon |   1889 |   1857 |     32 |    337 |   1165 |   3 |  629.7 |
         Sewer |     20 |     20 |      0 |      0 |      0 |   1 |   20.0 |
               +--------+--------+--------+--------+--------+-----+--------+

Top non-repeatable levels by time:
     D:1: 952 daAuts
     D:2: 870 daAuts
     D:3: 66 daAuts
   Sewer: 20 daAuts
